 Dungeon Crawl Stone Soup version 0.18.1-47-g9310371 (webtiles) character file.

746 ChodeWarrior the Covered (level 7, 0/61 HPs)
             Began as a Minotaur Berserker on June 16, 2016.
             Was a Believer of Trog.
             Slain by an orc warrior
             ... wielding a +0 scimitar
              (13 damage)
             ... on level 7 of the Dungeon.
             The game lasted 00:51:41 (5130 turns).

ChodeWarrior the Covered (Minotaur Berserker)       Turns: 5130, Time: 00:51:42

Health: 0/61       AC:  7    Str: 23    XL:     7   Next: 48%
Magic:  6/6        EV: 11    Int:  4    God:    Trog [**....]
Gold:   199        SH:  3    Dex: 10    Spells: 0 memorised, 6 levels left

rFire  x . .     SeeInvis .     s - +1 mace
rCold  + . .     Gourm    .     q - +0 scale mail
rNeg   . . .     Faith    .     v - +0 buckler
rPois  +         Spirit   .     (helmet restricted)
rElec  .         Dismiss  .     (no cloak)
rCorr  .         Reflect  .     (no gloves)
SustAt .         Harm     .     (no boots)
MR     .....                    (no amulet)
Stlth  ..........               g - ring of ice
                                d - ring of poison resistance

@: hasted, very quick, not resistant to hostile enchantments, extremely
unstealthy
A: retaliatory headbutt, horns 2
a: Berserk, Trog's Hand, Burn Spellbooks, Renounce Religion


You were on level 7 of the Dungeon.
You worshipped Trog.
Trog was pleased with you.
You were not hungry.

You visited 1 branch of the dungeon, and saw 7 of its levels.

You collected 199 gold pieces.

Inventory:

Hand Weapons
 a - a +0 mace
 f - a +0 whip
 h - a +0 whip
 i - a +0 mace
 j - a +0 short sword
 n - a +0 club
 p - a +0 whip
 r - a +1 whip of flaming
 s - a +1 mace (weapon)
 t - a +0 short sword
 x - a +0 hand axe
 B - a cursed -1 club
 F - a +0 whip
 G - a cursed -2 dagger
 I - a +0 quarterstaff
 O - a +0 long sword
 W - a +0 quarterstaff
 Y - a +0 shortbow
Missiles
 e - 38 arrows
 k - 129 stones (quivered)
 E - 26 poisoned needles
 L - 54 sling bullets
 M - 5 javelins
Armour
 b - a +0 animal skin
 m - a +0 robe
 q - a +0 scale mail (worn)
 u - a +0 robe
 v - a +0 buckler (worn)
 w - a +0 robe
 y - a +0 leather armour of positive energy
 D - a +0 leather armour
 H - a +0 robe
 Q - a cursed +0 chain mail
Jewellery
 d - a ring of poison resistance (left hand)
 g - a ring of ice (right hand)
 P - an uncursed ring of protection from magic
Wands
 K - a wand of polymorph (9/24)
 U - a wand of polymorph (9/24)
Scrolls
 T - a scroll of identify
 V - a scroll of random uselessness {unknown}
 X - a scroll of teleportation {unknown}
Potions
 l - a potion of agility
 o - a potion of lignification
 z - 2 potions of degeneration {unknown}
 C - a potion of mutation {unknown}
 N - a potion of curing {unknown}
Comestibles
 c - 3 bread rations
 A - a slice of pizza
 R - a meat ration
 S - a beef jerky


   Skills:
 + Level 5.6 Fighting
 + Level 5.4 Maces & Flails
 + Level 0.4 Throwing
 + Level 6.1 Armour
 + Level 4.8 Dodging
 + Level 1.0 Stealth
 + Level 1.6 Shields
 + Level 0.1 Evocations


You had 6 spell levels left.
You didn't know any spells.

Dungeon Overview and Level Annotations

Branches:
Dungeon (7/15)
 Temple: D:4-7

Altars:
Cheibriados
Dithmenos
Elyvilon
Gozag
Vehumet
The Shining One

Shops:
D:7 !

Annotations:
D:6 Prince Ribbit


Innate Abilities, Weirdness & Mutations

You reflexively headbutt those who attack you in melee.
You have a pair of horns on your head.


Message History

You kill the orc!
Trog accepts your kill.
You hit the orc warrior but do no damage.
The orc warrior barely misses you. You furiously retaliate!
You headbutt the orc warrior.
An orc comes into view. It is wielding a trident.
The orc shouts!
You sock the orc warrior!
The orc warrior is heavily wounded.
The orc warrior hits you with a scimitar.
You sock the orc warrior!
The orc warrior is almost dead.
The orc warrior hits you with a scimitar!
You closely miss the orc warrior.
The orc warrior is almost dead.
The orc warrior hits you with a scimitar!
* * * LOW HITPOINT WARNING * * *
It was a potion of haste.
You feel yourself speed up.
The orc warrior hits you with a scimitar!
You die...

###.(####.#
#####....# #.#
..>...o(## #.#
....o......##.##
......o..%.##∩.#
<..........##.o#
...........###o#
.#.........# #o#
#.....>...# #@#
#.........# #.#
#.# .... #.# ...
#.# #.. #.# #..
#.# .#... #...
#.#
.....###..###
#.##


You could see an orc warrior and 2 orcs.

Vanquished Creatures
  A rime drake (D:3)
  A hippogriff (D:7)
  A centaur (D:7)
  A crimson imp (D:7)
  A hound (D:3)
  A jelly (D:6)
  A worker ant zombie (D:6)
  4 gnolls (D:3)
  4 adders
  2 shadow imps
  3 oozes
  2 worms (D:2)
  2 dart slugs
  2 orcs (D:7)
  4 giant cockroaches
  5 goblins
  A hobgoblin (D:3)
  8 kobolds
  2 ball pythons
  2 bats
  4 giant newts
  4 rats
56 creatures vanquished.

Notes
Turn   | Place    | Note
--------------------------------------------------------------
     0 | D:1      | ChodeWarrior the Minotaur Berserker began the quest for the Orb.
     0 | D:1      | Reached XP level 1. HP: 19/19 MP: 0/0
   560 | D:1      | Reached XP level 2. HP: 22/27 MP: 1/1
  1110 | D:2      | Reached ** piety under Trog
  1111 | D:2      | Reached XP level 3. HP: 27/33 MP: 2/2
  2398 | D:3      | Reached XP level 4. HP: 41/41 MP: 3/3
  2409 | D:3      | Reached skill level 3 in Armour
  2660 | D:3      | Found a radiant altar of Vehumet.
  2715 | D:3      | Found a faded altar to an unknown god.
  2879 | D:3      | Found a glowing golden altar of the Shining One.
  2932 | D:3      | Reached XP level 5. HP: 43/47 MP: 4/4
  3174 | D:4      | Noticed a slave
  3174 | D:4      | Noticed a slave
  3175 | D:4      | Noticed a slave
  3176 | D:4      | Noticed Pikel
  3187 | D:4      | Noticed a slave
  3399 | D:3      | Noticed Pikel
  3399 | D:3      | Pikel changed into Pikel the rime drake
  3411 | D:3      | Killed Pikel the rime drake
  3411 | D:3      | Reached skill level 5 in Fighting
  3411 | D:3      | Reached skill level 5 in Maces & Flails
  3411 | D:3      | Reached skill level 4 in Armour
  3411 | D:3      | Reached skill level 1 in Shields
  3411 | D:3      | Reached XP level 6. HP: 42/56 MP: 5/5
  3647 | D:4      | You fall through a shaft!
  3647 | D:5      | Entered Level 5 of the Dungeon
  3647 | D:5      | Found a white marble altar of Elyvilon.
  3647 | D:5      | Found a shadowy altar of Dithmenos.
  3647 | D:5      | Found a snail-covered altar of Cheibriados.
  4042 | D:6      | Found an opulent altar of Gozag.
  4241 | D:6      | Reached skill level 5 in Armour
  4280 | D:6      | Noticed Prince Ribbit
  4872 | D:7      | Reached XP level 7. HP: 61/61 MP: 6/6
  4926 | D:7      | Found Jiejitus's Distillery.
  4940 | D:7      | Noticed a hippogriff
  4947 | D:7      | Killed a hippogriff
  4947 | D:7      | Reached skill level 1 in Stealth
  5075 | D:7      | Reached skill level 6 in Armour
  5130 | D:7      | Slain by an orc warrior

Skill      XL: |  1  2  3  4  5  6  7 |
---------------+----------------------+-----
Fighting       | 4 5 |  5.6
Maces & Flails | 4 5 |  5.4
Dodging        | 3 4 |  4.8
Armour         | 3 4 5 6 |  6.1
Shields        | 1 |  1.6
Stealth        | 1 |  1.0
Throwing       | |  0.4
Evocations     | |  0.1

Action                   |  1- 3 |  4- 6 |  7- 9 || total
-------------------------+-------+-------+-------++-------
Melee: Mace              |    61 |    85 |    18 ||   164
       Headbutt          |    11 |     8 |     4 ||    23
       Short sword       |     8 |       |       ||     8
Invok: Burn Spellbooks   |       |     1 |       ||     1
Evoke: Wand              |       |     2 |       ||     2
  Use: Scroll            |     3 |     6 |       ||     9
       Potion            |       |     3 |     1 ||     4
  Eat: Bread ration      |     1 |     2 |       ||     3
Armor: Animal skin       |    10 |       |       ||    10
       Scale mail        |     5 |    24 |     7 ||    36
       Skin              |       |    12 |       ||    12
Dodge: Dodged            |    47 |    46 |    13 ||   106
Block: Buckler           |     2 |    15 |     4 ||    21
